 Dungeon Crawl Stone Soup version 0.32-a0-132-g2d33c3cfaf (webtiles) character file.

Game seed: 492097207814784505

495 Dittersdorf the Covered (level 7, -3/44 HPs)
             Began as a Gargoyle Fighter on Feb 9, 2024.
             Incinerated by a bombardier beetle (6 damage)
             ... with a burning spray
             ... on level 4 of the Dungeon.
             The game lasted 00:03:51 (3211 turns).

Dittersdorf the Covered (Gargoyle Fighter)          Turns: 3211, Time: 00:03:52

Health: -3/44      AC: 12    Str: 22    XL:     7   Next: 15%
Magic:  7/7        EV:  9    Int:  8    God:
Gold:   195        SH:  5    Dex: 15    Spells: 6/6 levels left

rFire   . . .        a - +1 flail
rCold   . . .        c - +0 buckler
rNeg    + . .        b - +0 scale mail
rPois   ∞            (no helmet)
rElec   +            (no cloak)
rCorr   .            (no gloves)
SInv    .            (no boots)
Will    .....        h - amulet of magic regeneration Stlth
                     k - +6 ring of dexterity
HPRegen 0.27/turn    l - ring of flight
MPRegen 0.50/turn

%: no passive effects
@: on fire, flying, glowing
A: sickness immunity, AC +4, negative energy resistance 1, electricity
resistance, torment resistance 1, petrification resistance
a: no special abilities


You were on level 4 of the Dungeon.
You visited 1 branch of the dungeon, and saw 4 of its levels.

You collected 195 gold pieces.

Inventory:

Hand Weapons
 a - a +1 flail (weapon)
Armour
 b - a +0 scale mail (worn)
 c - a +0 buckler (worn)
Jewellery
 h - an amulet of magic regeneration (around neck)
 k - a +6 ring of dexterity (left hand)
 l - a ring of flight (right hand)
Scrolls
 o - a scroll of vulnerability {unknown}
 q - a scroll of revelation {unknown}
 s - a scroll of teleportation {unknown}
Potions
 d - 2 potions of might
 f - a potion of resistance {unknown}
 i - 2 potions of curing {unknown}
 m - a potion of magic
 n - 2 potions of mutation
 r - a potion of enlightenment


   Skills:
 + Level 5.1 Fighting
 + Level 4.0 Maces & Flails
 + Level 5.2 Armour
 + Level 5.1 Shields


You had 6 spell levels left.
You didn't know any spells.
Your spell library contained the following spells:

 Spells                   Type           Power      Damage    Failure   Level
 Dispel Undead            Necr           0%         3d6       100%        4
 Martyr's Knell           Necr/Summ      0%         N/A       100%        4
 Death Channel            Necr           0%         N/A       100%        6
 Cigotuvi's Dreadful Rot  Necr/Alch/Air  Unusable   N/A       N/A         2

Dungeon Overview and Level Annotations

Branches:
Dungeon (4/15)
 Temple: D:4-7

Altars:


Innate Abilities, Weirdness & Mutations

You are immune to sickness and miasma.
Your stone body is resilient. (AC +4)
You are immune to poison.
You resist negative energy. (rN+)
You are resistant to electric shocks. (rElec)
You are resistant to unholy torment.
You are immune to petrification.


Message History

The liquid fire burns you!
The scorpion stings you but does no damage.
You hit the scorpion.
The scorpion is almost dead.
The liquid fire burns you! You block the scorpion's attack.
The scorpion closely misses you.
You are too injured to fight recklessly!
You are too injured to fight recklessly!
You are too injured to fight recklessly!
You are too injured to fight recklessly!
You are too injured to fight recklessly!
You are too injured to fight recklessly!
You are too injured to fight recklessly!
You are too injured to fight recklessly!
You are too injured to fight recklessly!
You are too injured to fight recklessly!
You are too injured to fight recklessly!
You are too injured to fight recklessly!
You are too injured to fight recklessly!
You are too injured to fight recklessly!
You are too injured to fight recklessly!
You are too injured to fight recklessly!
You are too injured to fight recklessly!
You are too injured to fight recklessly!
You closely miss the scorpion.
The scorpion is severely wounded.
The liquid fire burns you!
* * * LOW HITPOINT WARNING * * *
You block the scorpion's attack.
You barely miss the scorpion.
The scorpion is severely wounded.
The liquid fire burns you!
* * * LOW HITPOINT WARNING * * *
The scorpion stings you.
* * * LOW HITPOINT WARNING * * *
The scorpion stings you but does no damage.
You sock the scorpion!
You kill the scorpion!
The liquid fire burns you!
You die...

..#..........###...#.###
........................
##...................###
#.#.......#####..####
#.##.....## #...#
##...## ###.# ##'## #.#
#.# #.# #@# #.# #†# #.#
... #.# ..... #.#
#...?.. #.# ......#.
.........# ####.###.##


There were no monsters in sight!

Vanquished Creatures
  A black bear (D:3)
  3 scorpions
  2 bombardier beetles
  An orc priest (D:3)
  A sleepcap (D:4)
  10 adders
  2 dart slugs
  A ribbon worm (D:2)
  4 orcs
  14 ball pythons
  6 bats
  4 endoplasms
  7 giant cockroaches
  8 goblins
  7 hobgoblins
  5 jackals
  A quokka (D:1)
  4 frilled lizards
  6 kobolds
  A rat (D:3)
88 creatures vanquished.

Notes
Turn   | Place    | Note
-------+----------+-------------------------------------------
     0 | D:1      | Dittersdorf the Gargoyle Fighter began the quest for the
                  | Orb.
     0 | D:1      | Reached XP level 1. HP: 14/14 MP: 1/1
    46 | D:1      | Reached XP level 2. HP: 8/19 MP: 2/2
   346 | D:1      | Found a faded altar of an unknown god.
   899 | D:1      | Reached XP level 3. HP: 22/23 MP: 3/3
  1247 | D:2      | Reached XP level 4. HP: 29/29 MP: 4/4
  1413 | D:2      | Reached XP level 5. HP: 31/33 MP: 5/5
  2446 | D:3      | Noticed a black bear
  2455 | D:3      | Killed a black bear
  2456 | D:3      | Reached XP level 6. HP: 28/39 MP: 6/6
  3127 | D:4      | Reached skill level 5 in Fighting
  3127 | D:4      | Reached skill level 5 in Armour
  3146 | D:4      | Reached skill level 5 in Shields
  3146 | D:4      | Reached XP level 7. HP: 41/44 MP: 7/7
  3211 | D:4      | Incinerated by a bombardier beetle

Illustrated notes

Levels and vault maps discovered:
D:1:      erik_arrival_cave_to_civilisation [erik_arrival_cave_to_hall],
          layout_basic, shapermc_ecumenical_altar_mp_vishouse, corner_web_ring
D:2:      layout_loops_ring, hangedman_decor_points, serial_park_tiny_2,
          minmay_snake_closets
D:3:      layout_basic, grunt_ministairs_5, grunt_decor_fettered
D:4:      layout_loops_corners, grunt_decor_resistance

Skill      XL: |  1  2  3  4  5  6 |
---------------+-------------------+-----
Fighting       | 4 5 |  5.1
Armour         | 4 5 |  5.2
Shields        | 4 5 |  5.1
Maces & Flails | 3 4 |  4.0

Action                     |  1- 3 |  4- 6 |  7- 9 || total
---------------------------+-------+-------+-------++-------
  Melee: Flail             |   113 |   203 |    11 ||   327
    Use: Scroll            |       |     7 |       ||     7
 Armour: Scale mail        |    88 |   152 |     7 ||   247
  Dodge: Dodged            |    81 |    98 |     2 ||   181
  Block: Buckler           |    21 |    61 |     3 ||    85

Table legend: (Time is in decaauts)
 A = Elapsed time spent in this place.
 B = Non-inter-level travel time spent in this place.
 C = Inter-level travel time spent in this place.
 D = Time resting spent in this place.
 E = Time spent auto-exploring this place.
 F = Levels seen in this place.
 G = Mean time per level.
                   A        B        C        D        E       F      G
               +--------+--------+--------+--------+--------+-----+--------+
         Total |   3305 |   3127 |    178 |    161 |   2226 |   4 |  826.2 |
       Dungeon |   3305 |   3127 |    178 |    161 |   2226 |   4 |  826.2 |
               +--------+--------+--------+--------+--------+-----+--------+

Top non-repeatable levels by time:
     D:3: 1072 daAuts
     D:1: 1008 daAuts
     D:2: 859 daAuts
     D:4: 366 daAuts
